 Dungeon Crawl Stone Soup version 0.28.0-43-g3370ac3207 (webtiles) character file.

Game seed: 11007652166006814599

103 zeratav the Digger (level 4, -7/27 HPs)
             Began as an Octopode Earth Elementalist on Apr 1, 2022.
             Mangled by an orc warrior
             ... wielding a +0 dire flail of protection
              (20 damage)
             ... on level 4 of the Dungeon.
             The game lasted 00:10:59 (2492 turns).

zeratav the Digger (Octopode Earth Elementalist)    Turns: 2492, Time: 00:11:00

Health: -7/27      AC:  1    Str:  7    XL:     4   Next: 79%
Magic:  2/8        EV: 13    Int: 19    God:
Gold:   111        SH:  0    Dex: 12    Spells: 4/8 levels left

rFire   . . .      SeeInvis .   d - +1 dagger (elec)
rCold   . . .      Faith    .   (no shield)
rNeg    . . .      Spirit   .   (helmet restricted)
rPois   .          Reflect  .   c - amulet of the acrobat
rElec   .          Harm     .   (no ring)
rCorr   .          Rampage  .   (no ring)
Will    .....                   (no ring)
Stlth   +++.......              (no ring)
HPRegen 0.09/turn               (no ring)
MPRegen 0.11/turn               (no ring)
                                (no ring)
                                (no ring)

@: no status effects
A: almost no armour, amphibious, 8 rings, camouflage 1, gelatinous body 1,
(nimble swimmer 1), tentacles
a: no special abilities


You were on level 4 of the Dungeon.
You visited 1 branch of the dungeon, and saw 4 of its levels.

You collected 111 gold pieces.

Inventory:

Hand Weapons
 d - a +1 dagger of electrocution (weapon)
Missiles
 b - 103 stones
 f - a datura-tipped dart (quivered)
 m - 3 atropa-tipped darts
Jewellery
 c - an amulet of the acrobat (around mantle)
Scrolls
 g - a scroll of immolation {unknown}
 i - 3 scrolls of teleportation {unknown}
 j - a scroll of identify {unknown}
 n - a scroll of blinking {unknown}
Potions
 a - a potion of heal wounds {unknown}
 e - 3 potions of mutation {unknown}
 h - a potion of degeneration {unknown}
 k - 2 potions of curing {unknown}
 l - 2 potions of attraction {unknown}


   Skills:
 + Level 2.3 Dodging
 + Level 3.9 Stealth
 + Level 2.8 Spellcasting
 + Level 1.0 Transmutations
 + Level 4.2 Earth Magic


You had 4 spell levels left.
You knew the following spells:

 Your Spells              Type           Power      Damage    Failure   Level
a - Sandblast             Erth           36%        2d10      2%          1
b - Stone Arrow           Conj/Erth      20%        3d8       21%         3

Your spell library contained the following spells:

 Spells                   Type           Power      Damage    Failure   Level
 Passwall                 Tmut/Erth      10%        N/A       9%          2
 Sting                    Tmut/Pois      16%        1d3       13%         1
 Foxfire                  Conj/Fire      8%         2x1d4     16%         1
 Poisonous Vapours        Pois/Air       4%         N/A       24%         2
 Conjure Flame            Conj/Fire      2%         6-21      43%         3
 Inner Flame              Hex/Fire       2%         N/A       43%         3
 Petrify                  Tmut/Erth      12%        N/A       47%         4
 Flame Wave               Conj/Fire      2%         2d4       83%         4
 Olgreb's Toxic Radiance  Pois           2%         N/A       83%         4


Dungeon Overview and Level Annotations

Branches:
Dungeon (4/15)
 Temple: D:4-7

Altars:
Okawaru
Wu Jian


Innate Abilities, Weirdness & Mutations

You cannot wear most types of armour.
You are amphibious.
You can wear up to eight rings at the same time.
Your skin changes colour to match your surroundings (Stealth+).
Your rubbery body absorbs attacks. (AC +1, EV +1)
((You are camouflaged when in or above water. (Stealth+)))
You have tentacles for arms and can constrict up to eight enemies at once.


Message History

Press: ? - help, Shift-Dir - straight line, f/p - orc warrior
Aim: an orc warrior, wielding a +0 dire flail of protection and wearing a +0 chain mail (77% to hit)
The blast of sand hits the orc warrior but does no damage.
b - 107 stones
Casting: Sandblast (safe; 2% risk of failure)
Confirm with . or Enter, or press ? or * to list all spells.
Aiming: Sandblast (safe; 2% risk of failure)
Press: ? - help, Shift-Dir - straight line, f/p - orc warrior
Aim: an orc warrior, wielding a +0 dire flail of protection and wearing a +0 chain mail (77% to hit)
The blast of sand hits the orc warrior but does no damage.
b - 106 stones The orc warrior hits you with a +0 dire flail of protection!
Ouch! That really hurt!
Casting: Sandblast (safe; 2% risk of failure)
Confirm with . or Enter, or press ? or * to list all spells.
Aiming: Sandblast (safe; 2% risk of failure)
Press: ? - help, Shift-Dir - straight line, f/p - orc warrior
Aim: an orc warrior, wielding a +0 dire flail of protection and wearing a +0 chain mail (77% to hit)
The blast of sand hits the orc warrior but does no damage.
b - 105 stones The orc warrior completely misses you.
Casting: Sandblast (safe; 2% risk of failure)
Confirm with . or Enter, or press ? or * to list all spells.
Aiming: Sandblast (safe; 2% risk of failure)
Press: ? - help, Shift-Dir - straight line, f/p - orc warrior
Aim: an orc warrior, wielding a +0 dire flail of protection and wearing a +0 chain mail (77% to hit)
The blast of sand hits the orc warrior but does no damage.
b - 104 stones The orc warrior closely misses you.
Casting: Sandblast (safe; 2% risk of failure)
Confirm with . or Enter, or press ? or * to list all spells.
Aiming: Sandblast (safe; 2% risk of failure)
Press: ? - help, Shift-Dir - straight line, f/p - orc warrior
Aim: an orc warrior, wielding a +0 dire flail of protection and wearing a +0 chain mail (77% to hit)
The blast of sand hits the orc warrior.
The orc warrior is lightly wounded.
b - 103 stones The orc warrior hits you with a +0 dire flail of protection!!
Ouch! That really hurt!
You die...

(. ).# #.. #(#
#### .. #..
... ##'##.#
#.# #(.(..#
#.###########
....#
#.....†.....#
#..#
#.########..##
#.o#####.#
#........
#.so@....#
#.#.##..#
#..##.####
#..##..#.
#..##.#
#.#.#.#.#
#..##.#
#.##...##
#..##.#
#.###.##
#..##.# ..#
#.# .?.....
.## #.# #
#..##.# ## #.#
. #.# .


You could see an orc warrior, a scorpion and an orc.

Vanquished Creatures
  5 adders
  4 ball pythons
  6 bats
  5 endoplasms
  4 giant cockroaches
  7 goblins
  3 hobgoblins
  4 jackals (D:1)
  2 quokkas
  2 frilled lizards (D:1)
  7 kobolds
  4 rats
53 creatures vanquished.

Vanquished Creatures (others)
  An orc (D:4)
  3 plants
4 creatures vanquished.

Grand Total: 57 creatures vanquished

Notes
Turn   | Place    | Note
-------+----------+-------------------------------------------
     0 | D:1      | zeratav the Octopode Earth Elementalist began the quest for
                  | the Orb.
     0 | D:1      | Reached XP level 1. HP: 11/11 MP: 3/3
   156 | D:1      | Found a faded altar of an unknown god.
   218 | D:1      | Reached XP level 2. HP: 14/17 MP: 5/5
   540 | D:1      | Reached XP level 3. HP: 21/21 MP: 1/6
  1543 | D:3      | Reached skill level 4 in Earth Magic
  1555 | D:3      | Reached XP level 4. HP: 27/27 MP: 5/7
  2265 | D:3      | Learned a level 3 spell: Stone Arrow
  2381 | D:4      | Found an iron altar of Okawaru.
  2426 | D:4      | Found an ornate altar of the Wu Jian Council.
  2479 | D:4      | Noticed an orc warrior
  2482 | D:4      | Noticed a scorpion
  2492 | D:4      | Mangled by an orc warrior

Illustrated notes

Levels and vault maps discovered:
D:1:      evilmike_arrival_crescent, layout_basic,
          dreamdust_ecumenical_altar_grove
D:2:      cheibrodos_old_hovel, layout_rooms
D:3:      layout_basic
D:4:      nicolae_cairo_tiling_large, layout_loops_ring,
          mainiacjoe_overflow_tiny_flanked, nicolae_wu_jian_glorious_leap,
          kennysheep_orc_sif_temple, uniq_natasha, uniq_menkaure

Skill      XL: |  1  2  3 |
---------------+----------+-----
Stealth        | 3 |  3.9
Earth Magic    | 4 |  4.2
Dodging        | |  2.3
Spellcasting   | |  2.8
Transmutations | |  1.0

Action                   |  1- 3 |  4- 6 || total
-------------------------+-------+-------++-------
Melee: Unarmed           |    22 |       ||    22
       Constrict         |    12 |     3 ||    15
       Tentacles         |     6 |     1 ||     7
       Dagger            |    24 |    17 ||    41
       Punch             |     1 |     1 ||     2
Throw: Dart              |       |     5 ||     5
 Cast: Sandblast         |    20 |    16 ||    36
       Stone Arrow       |       |     1 ||     1
 Stab: Sleeping          |    11 |     2 ||    13
Armor: Skin              |     3 |     2 ||     5
Dodge: Dodged            |    32 |    13 ||    45
